 Dungeon Crawl Stone Soup version 0.25-a0-589-g1e14c549ee (webtiles) character file.

Game seed: 11218076572640519322, levelgen mode: deterministic

156 Esekla the Ducker (level 5, -7/25 HPs)
             Began as a Spriggan Artificer on Mar 10, 2020.
             Was an Initiate of Gozag.
             Killed from afar by an orc wizard (8 damage)
             ... with a magic dart
             ... on level 4 of the Dungeon.
             The game lasted 00:12:48 (3983 turns).

Esekla the Ducker (Spriggan Artificer)              Turns: 3983, Time: 00:12:48

Health: -7/25      AC:  2    Str:  8    XL:     5   Next: 14%
Magic:  9/9        EV: 20    Int: 13    God:    Gozag
Gold:   237        SH:  0    Dex: 17    Spells: 4/4 levels left

rFire    . . .     SeeInvis +   a - +0 short sword
rCold    . . .     Gourm    .   (shield restricted)
rNeg     . . .     Faith    .   b - +0 robe
rPois    .         Spirit   .   (helmet restricted)
rElec    .         Reflect  .   (no cloak)
rCorr    .         Harm     .   (gloves unavailable)
MR       .....                  (boots unavailable)
Stlth    +++.......             (no amulet)
HPRegen  0.08/turn              (no ring)
MPRegen  0.11/turn              (no ring)

@: very quick
A: very small, unfitting armour, see invisible, herbivore, speed 3, slow
metabolism 2
a: Potion Petition, Call Merchant, Bribe Branch, Renounce Religion


You were on level 4 of the Dungeon.
You worshipped Gozag.
Gozag was aware of your devotion.
You were not hungry.

You visited 1 branch of the dungeon, and saw 4 of its levels.

You collected 271 gold pieces.
You paid 34 gold pieces to Gozag.

Inventory:

Hand Weapons
 a - a +0 short sword (weapon)
Missiles
 s - 4 poisoned darts (quivered)
Armour
 b - a +0 robe (worn)
 o - a +0 leather armour
 q - a +0 leather armour
Wands
 c - a wand of flame (15)
 d - a wand of enslavement (15)
 e - a wand of random effects (15)
Scrolls
 j - a scroll of amnesia {unknown}
 k - a scroll of identify {unknown}
 m - a scroll of fog {unknown}
 r - a scroll of enchant weapon {unknown}
Potions
 i - a potion of haste {unknown}
 l - a potion of curing {unknown}
 n - a potion of brilliance {unknown}
 p - a potion of stabbing {unknown}
Comestibles
 f - 6 rations


   Skills:
 - Level 0.7 Fighting
 * Level 4.3 Short Blades
 + Level 4.4 Dodging
 + Level 3.4 Stealth
 - Level 4.0 Evocations


You had 4 spell levels left.
You didn't know any spells.
Your spell library was empty.

Dungeon Overview and Level Annotations

Branches:
Dungeon (4/15)
 Temple: D:4-7

Altars:
Gozag
Hepliaklqana
Makhleb
Nemelex Xobeh
Uskayaw


Innate Abilities, Weirdness & Mutations

You are very small and have problems with some larger weapons.
You are too small for most types of armour.
You have supernaturally acute eyesight. (SInv)
You are a herbivore.
You cover ground extremely quickly.
You need to consume almost no food.


Message History

The orc is severely wounded.
The orc hits you with a +1 hand axe of flaming.
* * * LOW HITPOINT WARNING * * *
The orc burns you.
* * * LOW HITPOINT WARNING * * *
There is an open door here.
Throwing (i - inventory)
s - 5 poisoned darts (quivered)
Press: ? - help, Shift-Dir - straight line, f - orc wizard
Aim: an orc wizard, wielding a +0 dagger and wearing a +0 robe (fast, slightly transparent)
You throw a poisoned dart.
The poisoned dart barely misses the orc.
The poisoned dart hits the orc wizard.
The orc wizard is poisoned.
The orc wizard gestures at you while chanting.
The puff of frost hits you.
* * * LOW HITPOINT WARNING * * *
The orc wizard looks encouraged for a moment.
The orc wizard gestures at you while chanting.
The magic dart hits you!
You die...
Your body crumbles into a pile of gold.

###
###'#######
#..o......#
#.........#
#...o.....#
####......#
#......#
#......#
#......#
#.@....#
#......#
#......#
#......#
########


You could see an orc wizard (invisible) and an orc.

Vanquished Creatures
  A scorpion (D:4)
  A hound skeleton (D:3)
  2 adders
  2 oozes (D:1)
  A worm (D:3)
  2 dart slugs
  5 leopard geckos
  5 bats
  10 goblins
  6 hobgoblins
  A quokka (D:3)
  A ball python (D:3)
  3 frilled lizards (D:2)
  13 kobolds
  5 rats
58 creatures vanquished.

Notes
Turn   | Place    | Note
-------+----------+-------------------------------------------
     0 | D:1      | Esekla the Spriggan Artificer began the quest for the Orb.
     0 | D:1      | Reached XP level 1. HP: 9/9 MP: 4/4
   381 | D:1      | Reached XP level 2. HP: 6/14 MP: 6/6
  1414 | D:2      | Noticed a +0 dagger
  1416 | D:2      | Noticed a +0 hand axe
  1455 | D:2      | Found a hazy altar of Hepliaklqana.
  1457 | D:2      | Reached XP level 3. HP: 17/17 MP: 7/7
  1621 | D:2      | Found a hide-covered altar of Uskayaw.
  1890 | D:2      | Found a sparkling altar of Nemelex Xobeh.
  1897 | D:2      | Found a burning altar of Makhleb.
  1899 | D:2      | Found an opulent altar of Gozag.
  2797 | D:2      | Became a worshipper of Gozag Ym Sagoz the Greedy
  2944 | D:3      | Reached XP level 4. HP: 15/21 MP: 8/8
  3921 | D:4      | Reached XP level 5. HP: 25/25 MP: 9/9
  3979 | D:4      | HP: 1/25 [orc wizard/puff of frost (5)]
  3983 | D:4      | Killed from afar by an orc wizard

Levels and vault maps discovered:
D:1:      lemuel_arrival_lava_pool, layout_basic, st_stairs_9
D:2:      layout_basic, dancing_weapons_uskayaw,
          nemelex_xobeh_ov_fountains_minmay, lemuel_crystal_altar,
          chequers_temple_overflow_statue_of_worship
D:3:      layout_loops_corners
D:4:      layout_basic, grunt_dithmenos_smoke_and_mirrors, first_ration

Skill      XL: |  1  2  3  4 |
---------------+-------------+-----
Short Blades   | 2 3 4 |  4.3
Stealth        | 2 3 |  3.4
Dodging        | 4 |  4.4
Fighting       | |  0.7
Evocations     | |  4.0

Action                   |  1- 3 |  4- 6 || total
-------------------------+-------+-------++-------
Melee: Short sword       |   162 |    78 ||   240
       Dagger            |       |     2 ||     2
Throw: Dart              |       |     5 ||     5
  Use: Scroll            |       |     2 ||     2
 Stab: Sleeping          |     8 |     4 ||    12
  Eat: Ration            |       |     1 ||     1
Armor: Robe              |    10 |     6 ||    16
Dodge: Dodged            |   116 |    68 ||   184

Table legend:
 A = Non-vault XP
 B = Vault XP
 C = Vault XP percentage of total XP
 D = Non-vault monster count
 E = Vault monster count
 F = Vault count percentage of total count
                 A         B        C        D         E       F
            +---------+---------+-------+---------+---------+-------
      Total |     218 |       5 |   2.2 |      55 |       3 |   5.2
            +---------+---------+-------+---------+---------+-------
        D:1 |      43 |       5 |  10.4 |      17 |       3 |  15.0
        D:2 |      47 |       0 |   0.0 |      19 |       0 |   0.0
        D:3 |      61 |       0 |   0.0 |      18 |       0 |   0.0
        D:4 |      67 |       0 |   0.0 |       1 |       0 |   0.0
            +---------+---------+-------+---------+---------+-------
